 Dungeon Crawl Stone Soup version 0.19.5 (webtiles) character file.

71 Meiteisho the Covered (level 4, -6/40 HPs)
             Began as a Minotaur Fighter on May 2, 2017.
             Mangled by a gnoll
             ... wielding a +3 vampiric halberd
              (14 damage)
             ... on level 2 of the Dungeon.
             The game lasted 00:06:32 (1018 turns).

Meiteisho the Covered (Minotaur Fighter)            Turns: 1018, Time: 00:06:33

Health: -6/40      AC:  7    Str: 21    XL:     4   Next: 5%
Magic:  3/3        EV:  7    Int:  5    God:
Gold:   29         SH:  9    Dex: 10    Spells: 0 memorised, 3 levels left

rFire  . . .     SeeInvis .     a - +0 long sword
rCold  . . .     Gourm    .     b - +0 scale mail
rNeg   . . .     Faith    .     c - +0 shield
rPois  .         Spirit   .     (helmet restricted)
rElec  .         Reflect  .     (no cloak)
rCorr  .         Harm     .     (no gloves)
MR     .....                    (no boots)
Stlth  ..........               (no amulet)
                                (no ring)
                                (no ring)

@: no status effects
A: retaliatory headbutt, horns 2
a: no special abilities


You were on level 2 of the Dungeon.
You were hungry.

You visited 1 branch of the dungeon, and saw 2 of its levels.

You collected 29 gold pieces.

Inventory:

Hand Weapons
 a - a +0 long sword (weapon)
 l - a cursed -2 spear
 p - a +0 dagger
Missiles
 m - 46 arrows
Armour
 b - a +0 scale mail (worn)
 c - a +0 shield (worn)
 o - a +0 helmet
 q - a +0 cloak
 t - a +0 ring mail
 v - a +0 leather armour
Jewellery
 n - a +4 ring of protection {unknown}
Scrolls
 e - 2 scrolls of enchant weapon {unknown}
 g - 2 scrolls of identify {unknown}
 i - 2 scrolls of teleportation {unknown}
 j - a scroll of amnesia {unknown}
Potions
 d - a potion of might
 k - a potion of curing
 s - a potion of heal wounds {unknown}
Comestibles
 f - a bread ration
 h - 2 chunks of flesh
 r - a meat ration
 u - 4 fruits


   Skills:
 + Level 4.2 Fighting
 + Level 3.2 Long Blades
 + Level 4.3 Armour
 + Level 0.7 Dodging
 + Level 4.2 Shields


You had 3 spell levels left.
You didn't know any spells.

Dungeon Overview and Level Annotations

Branches:
Dungeon (2/15)

Altars:


Innate Abilities, Weirdness & Mutations

You reflexively headbutt those who attack you in melee.
You have a pair of horns on your head.


Message History

You block the gnoll's attack. The goblin hits you but does no damage.
The gnoll hits you from afar with a spear.
* * * LOW HITPOINT WARNING * * *
You block the gnoll's attack. The jackal closely misses you.
You block the jackal's attack. The jackal barely misses you.
You block the jackal's attack.
You closely miss the goblin. You headbutt the goblin.
You kill the goblin!
The jackal bites you but does no damage.
You block the gnoll's attack. The gnoll closely misses you.
The jackal bites you.
* * * LOW HITPOINT WARNING * * *
The jackal bites you but does no damage.
You completely miss the jackal. The jackal closely misses you.
You riposte.
Your shield and scale mail prevent you from hitting the jackal.
The gnoll hits you from afar with a spear.
* * * LOW HITPOINT WARNING * * *
The gnoll hits you from afar with a vampiric halberd!
You die...

#..###.........#
..<†)...(###.###
...).%....##.#####
.................#
.................#
..........>......#
.................#
..............g..#
.............lgh@#
..........########
...#.....##
##########


You could see 2 gnolls, a jackal and a frilled lizard.

Vanquished Creatures
  An adder (D:2)
  A gnoll (D:2)
  2 oozes (D:1)
  4 leopard geckos (D:1)
  5 bats
  A giant cockroach (D:1)
  6 goblins
  7 hobgoblins
  2 jackals (D:2)
  A quokka (D:2)
  4 frilled lizards
  A kobold (D:2)
  2 rats (D:1)
37 creatures vanquished.

Notes
Turn   | Place    | Note
-------+----------+-------------------------------------------
     0 | D:1      | Meiteisho the Minotaur Fighter began the quest for the Orb.
     0 | D:1      | Reached XP level 1. HP: 19/19 MP: 0/0
   109 | D:1      | Reached XP level 2. HP: 24/27 MP: 1/1
   390 | D:1      | Reached XP level 3. HP: 33/33 MP: 2/2
   994 | D:2      | Reached XP level 4. HP: 36/40 MP: 3/3
  1018 | D:2      | Mangled by a gnoll

Skill      XL: |  1  2  3 |
---------------+----------+-----
Shields        | 4 |  4.2
Fighting       | 4 |  4.2
Armour         | 4 |  4.3
Long Blades    | 3 |  3.2
Dodging        | |  0.7

Action                   |  1- 3 |  4- 6 || total
-------------------------+-------+-------++-------
Melee: Long sword        |    98 |     3 ||   101
       Headbutt          |    10 |     1 ||    11
Armor: Scale mail        |    76 |     5 ||    81
Dodge: Dodged            |    43 |     6 ||    49
Block: Shield            |    66 |    15 ||    81
       Rpst.: Long sword |    17 |     3 ||    20
